 Dungeon Crawl Stone Soup version 0.23-a0-644-gb60d84b (webtiles) character file.

39 Borgoz the Skirmisher (level 3, -2/33 HPs)
             Began as a Ghoul Abyssal Knight on Jan 1, 2019.
             Was a Follower of Lugonu.
             Killed from afar by an orc wizard (4 damage)
             ... with a magic dart
             ... on level 2 of the Dungeon.
             The game lasted 00:02:02 (1316 turns).

Borgoz the Skirmisher (Ghoul Abyssal Knight)        Turns: 1316, Time: 00:02:02

Health: -2/33      AC:  5    Str: 15    XL:     3   Next: 45%
Magic:  12/12      EV: 10    Int:  7    God:    Lugonu [*.....]
Gold:   59         SH:  0    Dex:  9    Spells: 2/2 levels left

rFire    . . .     SeeInvis .   a - +1 hand axe
rCold    + . .     Gourm    .   (no shield)
rNeg     + + +     Faith    .   m - +0 ring mail
rPois    ∞         Spirit   .   (no helmet)
rElec    .         Reflect  .   (no cloak)
rCorr    .         Harm     .   (no gloves)
MR       .....                  (no boots)
Stlth    ..........             j - amulet of regeneration
HPRegen  0.00/turn              g - ring of magical power
MPRegen  0.13/turn              (no ring)

@: rotting, slowed, very slow
A: rotting body, claws 1, carnivore, cold resistance 1, negative energy
resistance 3, inhibited regeneration, torment resistance, unbreathing
a: Depart the Abyss, Renounce Religion


You were on level 2 of the Dungeon.
You worshipped Lugonu.
Lugonu was aware of your devotion.
You were not hungry.

You visited 1 branch of the dungeon, and saw 2 of its levels.
You visited the Abyss 1 time.

You collected 59 gold pieces.

Inventory:

Hand Weapons
 a - a +1 hand axe (weapon)
Missiles
 f - 2 throwing nets (quivered)
Armour
 m - a +0 ring mail (worn)
Jewellery
 g - a ring of magical power (left claw)
 j - an amulet of regeneration (around neck)
Scrolls
 d - a scroll of enchant weapon {unknown}
 h - 2 scrolls of remove curse {unknown}
Potions
 b - a potion of brilliance {unknown}
 e - a potion of heal wounds {unknown}
 k - a potion of magic {unknown}
 l - a potion of invisibility {unknown}
Comestibles
 c - a ration


   Skills:
 + Level 3.8 Fighting
 + Level 2.2 Axes
 + Level 2.3 Armour
 + Level 1.3 Dodging
 + Level 2.0 Invocations


You had 2 spell levels left.
You didn't know any spells.
Your spell library was empty.

Dungeon Overview and Level Annotations

Branches:
Dungeon (2/15)

Altars:


Innate Abilities, Weirdness & Mutations

Your body is rotting away.
You thrive on raw meat.
You are immune to poison.
You have sharp fingernails.
You are carnivorous and can eat meat at any time.
Your flesh is cold resistant. (rC+)
You are immune to negative energy. (rN+++)
You do not regenerate when monsters are visible.
You are immune to unholy pain and torment.
You can survive without breathing.


Message History

The magic dart hits you!
* * * LOW HITPOINT WARNING * * *
The orc wizard hits you but does no damage.
You hit the orc wizard but do no damage.
The orc wizard is severely wounded.
The orc wizard barely misses you.
You hit the orc wizard.
The orc wizard is almost dead.
The orc wizard points at you and mumbles some strange words.
You feel yourself slow down. The orc wizard casts a spell at you.
The magic dart hits you!
* * * LOW HITPOINT WARNING * * *
Okay, then.
You closely miss the orc wizard.
The orc wizard is almost dead.
The orc wizard closely misses you. The orc wizard completely misses you.
The orc wizard casts a spell at you. The magic dart hits you!
You die...

#########
#..o@.<.#
#.#####)#
.# .. .##
.# .# ##


You could see an orc wizard.

Vanquished Creatures
  An ooze (D:1)
  A dart slug (D:1)
  3 leopard geckos
  2 orcs (D:2)
  5 bats (D:1)
  A giant cockroach (D:1)
  4 goblins (D:1)
  3 hobgoblins (D:1)
  A frilled lizard (D:1)
  2 kobolds (D:1)
  4 rats (D:1)
27 creatures vanquished.

Notes
Turn   | Place    | Note
-------+----------+-------------------------------------------
     0 | Abyss:1  | Borgoz the Ghoul Abyssal Knight began the quest for the
                  | Orb.
     0 | Abyss:1  | Reached XP level 1. HP: 19/19 MP: 1/1
    48 | Abyss:1  | Found a corrupted altar of Lugonu.
    65 | Abyss:1  | Noticed a sky beast
    66 | D:1      | Escaped the Abyss
   345 | D:1      | Reached XP level 2. HP: 6/26 MP: 2/2
   348 | D:1      | HP: 1/26 [hobgoblin (2)]
   865 | D:1      | Reached skill level 1 in Dodging
   898 | D:1      | Reached * piety under Lugonu
   926 | D:1      | Reached XP level 3. HP: 31/33 MP: 3/3
  1316 | D:2      | Killed from afar by an orc wizard

Vault maps used:
D:1:      minmay_arrival_solitary_statue
D:2:      nicolae_overflow_hidden_temple, fedhas_altar_3,
          kennysheep_generic_room_15

Skill      XL: |  1  2 |
---------------+-------+-----
Armour         | 2 |  2.3
Axes           | 2 |  2.2
Dodging        | 1 |  1.3
Fighting       | |  3.8
Invocations    | |  2.0

Action                   || total
-------------------------++-------
Melee: Hand axe          ||    87
Invok: Depart the Abyss  ||     1
  Use: Potion            ||     2
  Eat: Chunk             ||     2
Armor: Leather armour    ||    19
       Ring mail         ||    14
Dodge: Dodged            ||    77

Table legend:
 A = Non-vault XP
 B = Vault XP
 C = Vault XP percentage of total XP
 D = Non-vault monster count
 E = Vault monster count
 F = Vault count percentage of total count
                 A         B        C        D         E       F
            +---------+---------+-------+---------+---------+-------
      Total |      56 |       0 |   0.0 |      27 |       0 |   0.0
            +---------+---------+-------+---------+---------+-------
        D:1 |      47 |       0 |   0.0 |      24 |       0 |   0.0
        D:2 |       9 |       0 |   0.0 |       3 |       0 |   0.0
            +---------+---------+-------+---------+---------+-------
